 Dungeon Crawl Stone Soup version 0.17-a0-473-gfd9ac06 (webtiles) character file.

209 Pikaro the Ruffian (level 5, -13/39 (41) HPs)
             Began as a Ghoul Warper on Apr 7, 2015.
             Killed from afar by espenoss's ghost (30 damage)
             ... with a stone arrow
             ... on level 4 of the Dungeon.
             The game lasted 00:05:30 (3134 turns).

Pikaro the Ruffian (Ghoul Warper)                   Turns: 3134, Time: 00:05:31

HP:   -13/39 (41)   AC:  6    Str: 16    XL:     5   Next: 87%
MP:   6/6           EV: 11    Int:  8    God:
Gold: 99            SH:  0    Dex:  8    Spells: 4 memorised, 0 levels left

rFire  . . .     SeeInvis .       - Unarmed
rCold  + . .     Clarity  .     b - +0 leather armour
rNeg   + + +     SustAb   .     (no shield)
rPois  ∞         Gourm    .     (no helmet)
rElec  .         Spirit   .     (no cloak)
rCorr  .         Warding  .     (no gloves)
rMut   .         Stasis   .     f - +2 pair of boots
MR     .....                    (no amulet)
Stlth  +.........               (no ring)
                                (no ring)

@: rotting, not resistant to hostile enchantments, very unstealthy
A: rotting body, claws 1, carnivore 3, cold resistance 1, negative energy
resistance 3, slow healing 1, torment resistance, unbreathing
a: no special abilities


You were on level 4 of the Dungeon.
You were not hungry.

You visited 1 branch of the dungeon, and saw 4 of its levels.

You collected 99 gold pieces.

Inventory:

Missiles
 e - 5 tomahawks of dispersal {=f}
 j - 23 poisoned needles
 p - 5 tomahawks of returning (quivered)
Armour
 b - a +0 leather armour (worn)
 f - a +2 pair of boots (worn)
   (You found it on level 1 of the Dungeon)
Jewellery
 l - an uncursed amulet of stasis {Stasis, !d}
   (You found it on level 2 of the Dungeon)
Scrolls
 d - a scroll of blinking {!r}
 h - 4 scrolls of remove curse {unknown}
 k - 4 scrolls of identify {unknown}
 m - a scroll of magic mapping {unknown}
 n - a scroll of fear {unknown}
 r - a scroll of teleportation {unknown}
 t - a scroll of enchant weapon {unknown}
 u - a scroll of recharging {unknown}
Potions
 g - a potion of agility {unknown}
 i - a potion of cancellation {unknown}
 q - a potion of heal wounds {unknown}
 v - a potion of magic {unknown}
Books
 c - a book of Spatial Translocations
 s - a book of Burglary
   (You found it on level 3 of the Dungeon)
Comestibles
 a - 4 meat rations
 o - a beef jerky


   Skills:
 - Level 2.1 Fighting
 - Level 0.8 Throwing
 - Level 0.8 Armour
 - Level 1.7 Dodging
 + Level 6.5 Unarmed Combat
 - Level 1.7 Spellcasting
 - Level 2.6 Translocations


You couldn't memorise any spells.
You knew the following spells:

 Your Spells              Type           Power        Failure   Level  Hunger
w - Swiftness             Chrm/Air       #.......     80%         2    ###....
A - Apportation           Tloc           #.........   17%         1    ##.....
B - Blink                 Tloc           N/A          24%         2    ###....
C - Shroud of Golubria    Chrm/Tloc      #.........   43%         2    ###....


Dungeon Overview and Level Annotations

Branches:
Dungeon (4/15)
 Temple: D:4-7

Altars:
Ru
Sif Muna
Trog
The Shining One

Annotations:
D:3 Grinder
D:4 espenoss's ghost, experienced GrEE


Innate Abilities, Weirdness & Mutations

Your body is rotting away.
You thrive on raw meat.
You are immune to poison.
You have sharp fingernails.
You are carnivorous and can eat meat at any time.
Your flesh is cold resistant.
You are immune to negative energy.
You heal slowly when monsters are visible.
You are immune to unholy pain and torment.
You can survive without breathing.


Message History

Eating a chunk of flesh.
This raw flesh tastes great!
You continue eating. x2
Health restored: 41 No target in view!
s - a book of Burglary Memorise Blink, consuming 2 spell levels and leaving 4?
You start memorising the spell.
You continue memorising.
You continue memorising.
You finish memorising.
Spell assigned to 'B'.
Memorise Shroud of Golubria, consuming 2 spell levels and leaving 2?
You start memorising the spell.
You continue memorising.
You continue memorising.
You finish memorising.
Spell assigned to 'C'.
Memorise Swiftness, consuming 2 spell levels and leaving 0?
You start memorising the spell.
You continue memorising.
You continue memorising.
You finish memorising.
Spell assigned to 'w'.
Okay, then.
A kobold comes into view.
The kobold shouts!
You scratch the kobold.
The kobold begins to bleed from its wounds!
The kobold hits you but does no damage.
You scratch the kobold.
You kill the kobold!
No target in view!
You see here a giant gecko corpse.
A rat comes into view.
You scratch the rat but do no damage. You scratch the rat.
You kill the rat!
No target in view!
No target in view!
v - a murky green potion
There is an open door, spattered with blood here. a dagger; a leather armour; the goblin corpse of Ijyb
Found a glowing golden altar of the Shining One.
h - 4 scrolls labeled QOIVYOFREDGH (gained 1)
There is an open door, spattered with blood here. a dagger; a leather armour; the goblin corpse of Ijyb You see here a whip.
Found a bloodstained altar of Trog.
Grinder comes into view.
Grinder shouts!
Grinder gestures at you.
You suddenly lose the ability to move!
Grinder hits you but does no damage. x2
Grinder hits you. Grinder hits you!
You can move again.
You take 14 damage, and have 27/41 hp.
MASSIVE DAMAGE!!
Grinder gestures at you.
You shrug off the repeated paralysis!
Grinder gestures at you.
You barely resist.
There is a stone staircase leading down here.
You climb downwards.
There is a stone staircase leading up here.
You start resting.
You feel your flesh rotting away.
You regained 3 hp, and now have 30/40 hp.
You start resting.
You feel your flesh rotting away.
You regained 4 hp, and now have 34/39 hp.
You start resting.
Health restored: 39; Total turns waited: 86 Read which item? (? for menu, Esc to quit)
Okay, then.
There is a stone staircase leading up here.
An orc comes into view. It is wielding a dagger.
The orc shouts!
The orc barely misses you.
You scratch the orc.
The orc begins to bleed from its wounds!
The orc hits you but does no damage.
You claw the orc!
You kill the orc!
No target in view!
You see here a dagger.
a - 4 meat rations (gained 1)
A rat comes into view.
The rat twitches its whiskers.
You claw the rat!
You kill the rat!
No target in view!
You see here a lajatang.
Espenoss's ghost (experienced Gargoyle Earth Elementalist) comes into view.
Espenoss's ghost turns its malevolent gaze towards you.
Espenoss's ghost ripples.
Espenoss's ghost casts a spell at you. The stone arrow hits you!
Ouch! That really hurt!
You take 22 damage, and have 17/39 hp.
MASSIVE DAMAGE!!
HP at 43%!
Espenoss's ghost gestures at you while chanting.
The stone arrow hits you!
Ouch! That really hurt!
You die...

.. ... #.. .# ## #.. #.#
#.###### #..#####..#
#....... #........#
#.<..### #.W....# #..###
#.....# #..## ##..@##
#...## ####.....####
#....###
......).!....######......
##.......##...)####.....
############...###....#
##.........# #.....##..#
#...#####.# .....## .##


You could see espenoss's ghost.

Vanquished Creatures
  A jelly (D:3)
  Ijyb (D:3)
  3 gnolls (D:3)
  5 adders
  3 giant geckos
  11 orcs
  3 giant cockroaches
  5 hobgoblins
  3 jackals (D:3)
  3 quokkas (D:3)
  7 bats
  3 giant newts
  4 goblins
  6 kobolds
  16 rats
74 creatures vanquished.

Notes
Turn   | Place    | Note
--------------------------------------------------------------
     0 | D:1      | Pikaro, the Ghoul Warper, began the quest for the Orb.
     0 | D:1      | Reached XP level 1. HP: 17/17 MP: 2/2
   244 | D:1      | Reached skill level 3 in Unarmed Combat
   244 | D:1      | Reached XP level 2. HP: 14/24 MP: 3/3
   943 | D:2      | Reached XP level 3. HP: 21/29 MP: 4/4
  1067 | D:2      | Reached skill level 4 in Unarmed Combat
  1068 | D:2      | Found a sacrificial altar of Ru.
  1579 | D:3      | Reached skill level 5 in Unarmed Combat
  1579 | D:3      | Reached XP level 4. HP: 12/36 MP: 5/5
  1834 | D:3      | Found a deep blue altar of Sif Muna.
  2097 | D:3      | Reached XP level 5. HP: 29/41 MP: 6/6
  2191 | D:3      | HP: 3/40 [gnoll/flail (11)]
  2222 | D:3      | HP: 4/40 [bat (1)]
  2328 | D:3      | HP: 10/40 [bat (1)]
  2603 | D:3      | Reached skill level 6 in Unarmed Combat
  2656 | D:3      | Noticed Ijyb
  2664 | D:3      | Killed Ijyb
  2743 | D:3      | Learned a level 2 spell: Blink
  2746 | D:3      | Learned a level 2 spell: Shroud of Golubria
  2749 | D:3      | Learned a level 2 spell: Swiftness
  2858 | D:3      | Found a glowing golden altar of the Shining One.
  2895 | D:3      | Found a bloodstained altar of Trog.
  2945 | D:3      | Noticed Grinder
  2945 | D:3      | Paralysed by Grinder for 7 turns
  3130 | D:4      | Noticed espenoss's ghost (experienced GrEE)
  3134 | D:4      | Killed from afar by espenoss's ghost

Action                   |  1- 3 |  4- 6 || total
-------------------------+-------+-------++-------
Melee: Unarmed           |   154 |   135 ||   289
  Eat: Chunk             |    12 |    17 ||    29

Vault maps used:
D:1:      dpeg_arrival_ratfight
D:2:      overflow_temple_1_default, minmay_misc_feat_pillars,
          grunt_ministairs_13, serial_park_tiny_1,
          hangedman_abyss_or_decor_lesser_grid
D:3:      nicolae_tso_swordbearing_angel, lightli_temple_of_fire,
          lemuel_blue_sif_altar, first_bread, uniq_iyjb, uniq_grinder,
          uniq_crazy_yiuf_cottage

Table legend:
 A = Turns spent in this place as a percentage of turns spent in the entire game.
 B = Non-inter-level travel turns spent in this place as a percentage of non-inter-level travel turns spent in the entire game.
 C = Inter-level travel turns spent in this place as a percentage of turns spent in this place.
 D = Turns resting spent in this place as a percentage of non-inter-level travel turns spent in this place.
 E = Turns spent auto-exploring this place as a percentage of non-inter-level travel turns spent in this place.
 F = Non-inter-level travel turns spent in this place divided by the number of levels of this place that you've seen.
                   A       B       C       D       E      F
               +-------+-------+-------+-------+-------+----------------------
         Total | 100.0 | 100.0 |   0.2 |   3.9 |   8.3 | 216.5
       Dungeon | 100.0 | 100.0 |   0.2 |   3.9 |   8.3 | 216.5
               +-------+-------+-------+-------+-------+----------------------

Table legend:
 A = Kills in this place as a percentage of kills in entire the game.
 B = Kills by you in this place as a percentage of kills by you in the entire game.
 C = Kills by friends in this place as a percentage of kills by friends in the entire game.
 D = Other kills in this place as a percentage of other kills in the entire game.
 E = Experience gained in this place as a percentage of experience gained in the entire game.
 F = Experience gained in this place divided by the number of levels of this place that you have seen.
                   A       B       C       D       E      F
               +-------+-------+-------+-------+-------+----------------------
         Total | 100.0 | 100.0 |  -nan |  -nan | 100.0 |  74.8
       Dungeon | 100.0 | 100.0 |  -nan |  -nan | 100.0 |  74.8
               +-------+-------+-------+-------+-------+----------------------
